 Dungeon Crawl Stone Soup version 0.29-a0-275-g389c0b56f3 (webtiles) character file.

Game seed: 15518404141468445971

7 spaghetti the Skirmisher (level 2, 0/33 HPs)
             Began as an Ogre Chaos Knight on Mar 12, 2022.
             Was a Plaything of Xom.
             Frozen to death by an endoplasm (4 damage)
             ... on level 1 of the Dungeon.
             The game lasted 00:00:14 (36 turns).

spaghetti the Skirmisher (Ogre Chaos Knight)          Turns: 36, Time: 00:00:15

Health: 0/33       AC:  5    Str: 15    XL:     2   Next: 0%
Magic:  2/2        EV:  9    Int: 13    God:    Xom [..*...]
Gold:   0          SH:  0    Dex:  8    Spells: 1/1 levels left

rFire   . . .      SeeInvis .   a - +0 spear (chaos) {polearm}
rCold   . . .      Faith    .   (no shield)
rNeg    . . .      Spirit   .   b - +2 robe
rPois   .          Reflect  .   (helmet restricted)
rElec   .          Harm     .   (no cloak)
rCorr   .          Rampage  .   (gloves unavailable)
Will    .....                   (boots unavailable)
Stlth   +.........              (no amulet)
HPRegen 0.11/turn               (no ring)
MPRegen 0.08/turn               (no ring)

@: no status effects
A: large, unfitting armour, tough skin 1
a: Renounce Religion


You were on level 1 of the Dungeon.
You worshipped Xom.
You were a toy of Xom.
You visited 1 branch of the dungeon, and saw 1 of its levels.


Innate Abilities, Weirdness & Mutations

You are too large for most types of armour.
You have tough skin. (AC +1)


   Skills:
 + Level 4.7 Fighting
 - Level 3.0 Polearms
 - Level 2.1 Dodging


You had one spell level left.
You didn't know any spells.
Your spell library was empty.

Inventory:

Hand Weapons
 a - a +0 spear of chaos (weapon) {polearm}
Armour
 b - a +2 robe (worn)
Miscellaneous
 c - a piece from Xom's chessboard (13/15) (quivered)

Dungeon Overview and Level Annotations

Branches:
Dungeon (1/15)

Altars:

.# .. ##
##.# ..
.###..##.
.......
...!. ...
#####{#####
#....@....#
#.........#
#..⌠...⌠..#
#.........#
+....<....+
#.........#
#..⌠...⌠..#
#.........#
#.........#


There were no monsters in sight!


Message History

You barely miss the quokka. The quokka bites you.
The giant cockroach waves its antennae. 😕 HP[-1]
You take 1 damage, and now have 23/24 hp.
You completely miss the quokka.
The quokka bites you but does no damage.
The quokka closely misses you. 😎 HP[+1]
Your hp is fully restored (24).
You closely miss the quokka. The quokka barely misses you.
You hit the quokka.
The quokka bites you but does no damage.
You miss the quokka.
The quokka bites you but does no damage.
You closely miss the quokka. The quokka closely misses you.
You hit the quokka.
You kill the quokka!
The jackal bites you but does no damage.
You hit the jackal.
The jackal resists with significant effort. "Go forth and cause havoc, mortal!"
You feel better.
The jackal bites you but does no damage.
You miss the jackal. The jackal completely misses you.
You hit the jackal. You freeze the jackal.
You kill the jackal! 😎 HP[+2]
You now have 26 max hp (+2).
Your hp is fully restored (26).
You hit the giant cockroach.
The giant cockroach is poisoned.
The giant cockroach bites you but does no damage. x2
You hit the giant cockroach. You freeze the giant cockroach.
You kill the giant cockroach!
You hit the jackal.
The jackal bites you but does no damage. x2
You closely miss the jackal.
The jackal bites you but does no damage. x2
You barely miss the jackal. The jackal bites you.
The jackal closely misses you. The jackal barely misses you. 😕 HP[-2]
You take 2 damage, and now have 24/26 hp.
You hit the jackal but do no damage.
The jackal is poisoned.
You kill the jackal!
The bloodstain on the open door disappears!
The jackal bites you.
Your piece from Xom's chessboard (13/15) has regained one charge.
You have reached level 2! 😕 HP[+5] MP[+1]
You now have 33 max hp (+7).
You regained 5 hp, and now have 29/33 hp.
Your mp is fully restored (2).
You closely miss the jackal. The jackal bites you.
Something hits you but does no damage. 😕 HP[-2]
You take 2 damage, and now have 27/33 hp.
You completely miss the jackal. The jackal bites you.
Something hits you but does no damage. The jackal bites you. 😕 HP[-2]
You take 2 damage, and now have 25/33 hp.
You closely miss the jackal. The jackal closely misses you.
You are frozen. 😮 HP[-5]
You take 5 damage, and now have 20/33 hp.
You are too injured to fight recklessly!
You are too injured to fight recklessly!
You are too injured to fight recklessly!
You are too injured to fight recklessly!
You are too injured to fight recklessly!
You hit the jackal but do no damage. The jackal barely misses you.
You are frozen.
* * * LOW HITPOINT WARNING * * *
😨 HP[-5]
You take 5 damage, and now have 15/33 hp.
You closely miss the jackal. The jackal completely misses you.
Something hits you but does no damage. The jackal closely misses you.
You hit the jackal. The jackal barely misses you.
You are frozen.
* * * LOW HITPOINT WARNING * * *
😨 HP[-3]
You take 3 damage, and now have 12/33 hp.
You barely miss the jackal. The jackal closely misses you.
You are frozen.
* * * LOW HITPOINT WARNING * * *
😨 HP[-1]
You take 1 damage, and now have 11/33 hp.
You hit the jackal but do no damage.
The jackal bites you but does no damage.
You are frozen.
* * * LOW HITPOINT WARNING * * *
The jackal bites you but does no damage. 😨 HP[-2]
You take 2 damage, and now have 9/33 hp.
You hit the jackal but do no damage. The jackal closely misses you.
You are frozen.
* * * LOW HITPOINT WARNING * * *
😱 HP[-5]
You take 5 damage, and now have 4/33 hp.
You aren't carrying any potions.
You aren't carrying any scrolls.
You hit the jackal.
You kill the jackal!
You are frozen.
You die... "It's all fun and games until someone loses an eye."

Action                   || total
-------------------------++-------
Melee: Spear             ||    29
Evoke: Piece from Xom's  ||     3
 Stab: Petrified         ||     1
Armor: Robe              ||    16
Dodge: Dodged            ||    13

Levels and vault maps discovered:
D:1:      mushboom_english_gardens, layout_rooms

Notes
Turn   | Place    | Note
-------+----------+-------------------------------------------
     0 | D:1      | spaghetti the Ogre Chaos Knight began the quest for the
                  | Orb.
     0 | D:1      | Reached XP level 1. HP: 24/24 MP: 1/1
     0 | D:1      | magus.rc [v1.9.6]
    18 | D:1      | XOM: potion effect (curing)
    27 | D:1      | Reached XP level 2. HP: 29/33 MP: 2/2
    35 | D:1      | HP: 4/33 [something (5)]
    36 | D:1      | Frozen to death by an endoplasm

Vanquished Creatures
  A giant cockroach (D:1)
  4 jackals (D:1)
  A quokka (D:1)
6 creatures vanquished.

Table legend:
 A = Non-vault XP
 B = Vault XP
 C = Vault XP percentage of total XP
 D = Non-vault monster count
 E = Vault monster count
 F = Vault count percentage of total count
                 A         B        C        D         E       F
            +---------+---------+-------+---------+---------+-------
      Total |      12 |       0 |   0.0 |       6 |       0 |   0.0
            +---------+---------+-------+---------+---------+-------
        D:1 |      12 |       0 |   0.0 |       6 |       0 |   0.0
            +---------+---------+-------+---------+---------+-------

Illustrated notes

Table legend:
 A = Kills in this place as a percentage of kills in entire the game.
 B = Kills by you in this place as a percentage of kills by you in the entire game.
 C = Kills by friends in this place as a percentage of kills by friends in the entire game.
 D = Other kills in this place as a percentage of other kills in the entire game.
 E = Experience gained in this place as a percentage of experience gained in the entire game.
 F = Experience gained in this place divided by the number of levels of this place that you have seen.
                   A       B       C       D       E      F
               +-------+-------+-------+-------+-------+----------------------
         Total | 100.0 | 100.0 |   N/A |   N/A | 100.0 |  12.0
       Dungeon | 100.0 | 100.0 |   N/A |   N/A | 100.0 |  12.0
               +-------+-------+-------+-------+-------+----------------------

Table legend: (Time is in decaauts)
 A = Elapsed time spent in this place.
 B = Non-inter-level travel time spent in this place.
 C = Inter-level travel time spent in this place.
 D = Time resting spent in this place.
 E = Time spent auto-exploring this place.
 F = Levels seen in this place.
 G = Mean time per level.
                   A        B        C        D        E       F      G
               +--------+--------+--------+--------+--------+-----+--------+
         Total |     34 |     34 |      0 |      0 |      4 |   1 |   34.0 |
       Dungeon |     34 |     34 |      0 |      0 |      4 |   1 |   34.0 |
               +--------+--------+--------+--------+--------+-----+--------+

Top non-repeatable levels by time:
     D:1: 34 daAuts
